 Dungeon Crawl Stone Soup version 0.28-a0-500-g121bc3e445 (webtiles) character file.

Game seed: 12956000473815449581

84 CraigForest the Conjurer (level 4, 0/36 HPs)
             Began as a Draconian Conjurer on Sept 20, 2021.
             Slain by Jessica (4 damage)
             ... on level 3 of the Dungeon.
             The game lasted 00:09:27 (2332 turns).

CraigForest the Conjurer (Draconian Conjurer)       Turns: 2332, Time: 00:09:27

Health: 0/36       AC:  5    Str:  9    XL:     4   Next: 23%
Magic:  1/8        EV: 12    Int: 20    God:
Gold:   66         SH:  5    Dex:  9    Spells: 6/9 levels left

rFire   . . .      SeeInvis .   c - +1 dagger (elec)
rCold   . . .      Faith    .   (no shield)
rNeg    + . .      Spirit   .   (armour unavailable)
rPois   .          Reflect  +   (helmet restricted)
rElec   .          Harm     .   (no cloak)
rCorr   .          Rampage  .   (no gloves)
Will    .....                   (no boots)
Stlth   ++........              b - amulet of reflection
HPRegen 0.12/turn               k - ring of positive energy
MPRegen 0.11/turn               (no ring)

@: no status effects
A: AC +5, unfitting armour, cold-blooded
a: no special abilities


You were on level 3 of the Dungeon.
You visited 1 branch of the dungeon, and saw 3 of its levels.

You collected 66 gold pieces.

Inventory:

Hand Weapons
 c - a +1 dagger of electrocution (weapon)
Missiles
 a - 72 stones
 e - 19 arrows
Jewellery
 b - an amulet of reflection (around neck)
 k - a ring of positive energy (left hand)
Scrolls
 g - a scroll of amnesia {unknown}
 h - a scroll of vulnerability {unknown}
 i - a scroll of teleportation {unknown}
 l - a scroll of magic mapping {unknown}
 m - a scroll of blinking {unknown}
Potions
 d - a potion of brilliance {unknown}
 f - a potion of resistance {unknown}
 j - 2 potions of degeneration {unknown}
 n - a potion of experience {unknown}


   Skills:
 + Level 2.1 Fighting
 * Level 1.7 Short Blades
 - Level 2.0 Dodging
 - Level 2.0 Stealth
 - Level 3.0 Spellcasting
 - Level 4.0 Conjurations


You had 6 spell levels left.
You knew the following spells:

 Your Spells              Type           Power      Damage    Failure   Level
a - Magic Dart            Conj           76%        1d6       2%          1
b - Searing Ray           Conj           38%        2d5       4%          2

Your spell library contained the following spells:

 Spells                   Type           Power      Damage    Failure   Level
 Dazzling Flash           Conj/Hex       22%        N/A       19%         3
 Passwall                 Tmut/Erth      2%         N/A       22%         2
 Swiftness                Air            3%         N/A       38%         3
 Tukima's Dance           Hex            3%         N/A       38%         3
 Fulminant Prism          Conj/Hex       5%         3d7       52%         4
 Iskenderun's Mystic Bla  Conj/Tloc      11%        2d4       52%         4
 Passage of Golubria      Tloc           N/A        N/A       80%         4
 Yara's Violent Unravell  Hex/Tmut       1%         3d3       98%         5
 Invisibility             Hex            1%         N/A       100%        6


Dungeon Overview and Level Annotations

Branches:
Dungeon (3/15)

Altars:

Annotations:
D:3 Jessica


Innate Abilities, Weirdness & Mutations

Your plain brown scales are hard. (AC +5)
You cannot fit into any form of body armour.
You are cold-blooded and may be slowed by cold attacks.


Message History

The searing ray hits the adder.
The adder is severely wounded.
You feel sick. The adder bites you.
You are more poisoned.
The adder poisons you!
The searing ray hits the adder.
You kill the adder!
You finish channelling your searing ray.
You feel sick.
You swing at nothing.
You feel sick.
You swing at nothing.
You feel sick.
You swing at nothing.
You feel sick.
You hit something.
You feel sick.
You hear some strange, mumbled words.
Pain shoots through your body!
You completely miss something. Something barely misses you.
You barely miss something.
You feel sick.
You are no longer poisoned.
Something hits you.
You closely miss something. Something hits you.
* * * LOW HITPOINT WARNING * * *
You closely miss something. Something hits you.
* * * LOW HITPOINT WARNING * * *
Aiming: Searing Ray (safe; 4% risk of failure)
Press: ? - help, Q - select action, (/) - cycle Shift-Dir - straight line The searing ray hits something! (Press . to maintain the ray.)
You hear some strange, mumbled words.
You hear some strange, mumbled words.
Pain shoots through your body!
* * * LOW HITPOINT WARNING * * *
You see here an adder corpse.
You hit something. Something hits you but does no damage.
You barely miss something.
You hear some strange, mumbled words.
You miss something. Something hits you.
* * * LOW HITPOINT WARNING * * *
You closely miss something. Something hits you but does no damage.
You barely miss something. You block something's attack. Something hits you.
You die...

##.##..##.... ..
#........
..##.####..##
##....# #..##
#.....# #.###
#######.#...# #.###
..........# #....
######...# ........
#.{@†..##.##..##.###
#.##...# #....## #
#. #.##.##..... . #.
#.# #...... .. ..
#.###...# ### #.
#...[.#.# # #.
##....#.#########
#.###.#.............
#...#..###......##


There were no monsters in sight!

Vanquished Creatures
  A gnoll (D:1)
  2 adders (D:3)
  4 ball pythons
  5 bats
  5 endoplasms
  7 giant cockroaches
  7 goblins
  5 hobgoblins
  2 quokkas
  4 frilled lizards
  3 kobolds
  6 rats
51 creatures vanquished.

Notes
Turn   | Place    | Note
-------+----------+-------------------------------------------
     0 | D:1      | CraigForest the Draconian Conjurer began the quest for the
                  | Orb.
     0 | D:1      | Reached XP level 1. HP: 14/14 MP: 3/3
   332 | D:1      | Reached skill level 1 in Fighting
   396 | D:1      | Reached XP level 2. HP: 21/23 MP: 0/5
   399 | D:1      | Learned a level 2 spell: Searing Ray
   459 | D:1      | Reached skill level 1 in Short Blades
   866 | D:1      | Reached XP level 3. HP: 29/29 MP: 0/6
  1563 | D:2      | Found a faded altar of an unknown god.
  2307 | D:3      | Noticed Jessica
  2315 | D:3      | Reached XP level 4. HP: 26/36 MP: 4/8
  2332 | D:3      | Slain by Jessica

Illustrated notes

Levels and vault maps discovered:
D:1:      evilmike_arrival_fibonacci_small, layout_loops_corners
D:2:      layout_basic, hellmonk_ecumenical_altar_inner_sanctum
D:3:      layout_basic, minmay_vboxes, uniq_jessica

Skill      XL: |  1  2  3 |
---------------+----------+-----
Stealth        | 2 |  2.0
Dodging        | 2 |  2.0
Fighting       | 1 2 |  2.1
Short Blades   | 1 |  1.7
Spellcasting   | 3 |  3.0
Conjurations   | |  4.0

Action                   |  1- 3 |  4- 6 || total
-------------------------+-------+-------++-------
Melee: Dagger            |    39 |    10 ||    49
       Tailslap          |     1 |       ||     1
 Cast: Magic Dart        |    38 |       ||    38
       Searing Ray       |    12 |     1 ||    13
 Stab: Sleeping          |     2 |       ||     2
Armor: Skin              |    16 |     2 ||    18
Dodge: Dodged            |    21 |     1 ||    22
Block: Other             |     3 |     1 ||     4

Table legend: (Time is in decaauts)
 A = Elapsed time spent in this place.
 B = Non-inter-level travel time spent in this place.
 C = Inter-level travel time spent in this place.
 D = Time resting spent in this place.
 E = Time spent auto-exploring this place.
 F = Levels seen in this place.
 G = Mean time per level.
                   A        B        C        D        E       F      G
               +--------+--------+--------+--------+--------+-----+--------+
         Total |   2328 |   2285 |     43 |     31 |   1946 |   3 |  776.0 |
       Dungeon |   2328 |   2285 |     43 |     31 |   1946 |   3 |  776.0 |
               +--------+--------+--------+--------+--------+-----+--------+

Top non-repeatable levels by time:
     D:1: 1309 daAuts
     D:2: 884 daAuts
     D:3: 134 daAuts
